 Dungeon Crawl Stone Soup version 0.29.0-4-gdea44cf6ec (webtiles) character file.

Game seed: 4553778893418794659

12660 qw the Nimble (level 11, -2/50 HPs)
             Began as a Felid Delver on Aug 27, 2022.
             Was the Champion of Okawaru.
             Slain by an elephant (6 damage)
             ... on level 1 of the Lair of Beasts.
             The game lasted 00:01:39 (17601 turns).

qw the Nimble (Felid Delver)                       Turns: 17601, Time: 00:01:39

Health: -2/50      AC:  2    Str:  8    XL:     11   Next: 65%
Magic:  19/19      EV: 39    Int: 10    God:    Okawaru [******]
Gold:   1801       SH:  5    Dex: 22    Spells: 10/10 levels left
                                        Lives:  0   Deaths: 3

rFire   + . .      SeeInvis +     - Unarmed
rCold   . . .      Faith    .   (shield unavailable)
rNeg    . . .      Spirit   .   (body armour unavailable)
rPois   +          Reflect  +   (helmet unavailable)
rElec   .          Harm     .   (cloak unavailable)
rCorr   .          Rampage  .   (gloves unavailable)
Will    +....                   (boots unavailable)
Stlth   +++++.....              f - amulet of reflection
HPRegen 0.16/turn               q - ring of Gouzam {rPois rF+ Int-2 SInv}
MPRegen 0.16/turn               m - +4 ring of evasion

@: heroic, marked, quick
A: very small, claws 1, fangs 3, see invisible, speed 1, shaggy fur 2, stealthy
paws, no weapons or thrown items, no armour, multi-lived
a: Renounce Religion, Heroism, Finesse, Duel


You were on level 1 of the Lair of Beasts.
You worshipped Okawaru.
Okawaru was exalted by your worship.
You visited 3 branches of the dungeon, and saw 12 of its levels.

You collected 1881 gold pieces.
You spent 80 gold pieces at shops.


Innate Abilities, Weirdness & Mutations

You have sharp claws.
You have razor-sharp teeth.
You have supernaturally acute eyesight. (SInv)
You cover ground quickly. (Speed+)
You are covered in thick fur. (AC +2)
Your paws help you pounce on unaware monsters.
You are incapable of wielding weapons or throwing items.
You cannot wear armour.
You gain extra lives every three experience levels.


   Skills:
 + Level 7.2(12.2) Fighting
 - Level 13.0(18.0) Dodging
 - Level 6.6(11.6) Stealth
 - Level 13.0(18.0) Unarmed Combat
 - Level 10.0 Invocations


You had 10 spell levels left.
You didn't know any spells.
Your spell library was empty.

Inventory:

Jewellery
 f - an amulet of reflection (around neck)
 m - a +4 ring of evasion (right paw)
 n - a ring of fire
 o - the brooch of Shielding {Spirit SH+8}
   (You found it on level 7 of the Dungeon)

   [amulet of guardian spirit]

   It causes incoming damage to be divided between your reserves of health and
   magic.
   SH:        It affects your SH (+8).
 p - a +4 ring of slaying {mikee}
 q - the ring of Gouzam (left paw) {rPois rF+ Int-2 SInv}
   (You acquired it on level 8 of the Dungeon)

   [ring of poison resistance]

   Int:       It affects your intelligence (-2).
   rF:        It protects you from fire.
   rPois:     It protects you from poison.
   SInv:      It lets you see invisible.
Wands
 e - a wand of digging (10)
Scrolls
 h - a scroll of identify
Potions
 a - a potion of resistance
 b - a potion of magic
 c - 4 potions of curing
 d - a potion of haste
 g - 2 potions of might
 k - 2 potions of cancellation
 l - a potion of lignification {unknown}
 s - a potion of mutation {unknown}

Dungeon Overview and Level Annotations

Branches:
Dungeon (10/15)            Temple (1/1) D:4            Lair (1/5) D:10
    Orc: D:9-12

Altars:
Ashenzari
Cheibriados
Dithmenos
Elyvilon
Fedhas
Gozag
Hepliaklqana
Kikubaaqudgha
Makhleb
Nemelex Xobeh
Okawaru
Qazlal
Ru
Sif Muna
Trog
Uskayaw
Vehumet
Wu Jian
Xom
Yredelemnul
Zin
The Shining One

Shops:
D:5 [   D:8 *

Annotations:
D:3 Natasha


Message History

The elephant misses you.
Your base Unarmed Combat skill increases to level 13!
You scratch the elephant.
The elephant is lightly wounded.
The bullfrog hits you. The elephant completely misses you. x2
You scratch the elephant.
The elephant is lightly wounded.
The bullfrog completely misses you.
You mangle the elephant!!
The elephant is heavily wounded.
The bullfrog completely misses you. The elephant tramples you.
You hold your ground!
You block the elephant's attack.
You scratch the elephant but do no damage.
The elephant is heavily wounded.
The bullfrog completely misses you.
You claw the elephant! x2
The elephant is severely wounded.
A wolf comes into view.
The bullfrog hits you but does no damage.
You claw the elephant!
The elephant is almost dead.
The bullfrog closely misses you. The elephant completely misses you.
You block the elephant's attack. The elephant completely misses you. x2
You mangle the elephant!!
You kill the elephant!
Okawaru is honoured by your kill. The bullfrog completely misses you.
The blink frog blinks!
You barely miss the elephant. You claw the elephant.
The elephant is lightly wounded.
The bullfrog completely misses you.
You scratch the elephant.
You claw the elephant, but do no damage.
The elephant is lightly wounded.
The bullfrog misses you. The black mamba completely misses you.
The elephant completely misses you. x2
You claw the elephant!
The elephant is moderately wounded.
The bullfrog completely misses you. The black mamba bites you!
The elephant tramples you.
You die...

.# .# .# .# ..# #...# .##
## ### #.#.# ....#.######Y#
#.#.##### .........hYS@#
#.#.#.#.##
....[.%..FS#F####.#.##.#.##
.#...#####.#.#..........#.#
.... ##.#...P#.#....#.## ##
#...........###.##
####?#..#.### #.# ##.
##.#.##.# #.# #..#
###..#..#.# #.# #..#
###.#.......# #.#


You could see 2 elephants, a black mamba, a blink frog, a water moccasin, a wolf
and a bullfrog.

Vanquished Creatures
  A two-headed ogre (D:9)
  A deep elf pyromancer (D:9)
  Pikel (D:4)
  3 elephants (Lair:1)
  A cane toad (Lair:1)
  6 gargoyles (D:7)
  Psyche (D:10)
  Maggie (D:9)
  2 komodo dragons (Lair:1)
  A troll (D:10)
  Grinder (D:5)
  Prince Ribbit (D:7)
  4 blink frogs (Lair:1)
  A wyvern (D:9)
  22 yaks
  A vampire (D:10)
  Eustachio (D:5)
  7 water moccasins
  Menkaure (D:7)
  2 ice beasts (D:7)
  8 black bears
  3 orc warriors
  3 ogres
  6 wolves (Lair:1)
  2 centaurs
  4 lemures (D:4)
  2 kobold brigands
  7 bullfrogs
  3 gnoll sergeants
  5 scorpions
  19 killer bees
  A vampire bat (D:3)
  3 electric eels (D:9)
  A howler monkey (D:8)
  A quasit (D:7)
  4 hounds
  2 jellies
  3 gnoll boudas
  8 orc priests
  Jessica (D:3)
  Ijyb (D:4)
  Natasha (twice) (D:3)
  2 iguanas (D:6)
  9 orc wizards
  31 gnolls
  10 adders
  A shadow imp (D:7)
  4 ufetubi
  A worm (D:2)
  2 dart slugs
  3 fire bats (D:3)
  23 orcs
  2 spectral bats (D:3)
  3 bat skeletons (D:3)
  10 endoplasms
  3 giant cockroaches
  3 goblins
  3 hobgoblins
  3 jackals
  6 quokkas
  8 ball pythons
  14 bats
  A bat simulacrum (D:3)
  A frilled lizard (D:2)
  18 kobolds
  6 rats
315 creatures vanquished.

Vanquished Creatures (others)
  A kobold (D:7)
  4 demonic plants (D:7)
  65 fungi
  76 plants
146 creatures vanquished.

Grand Total: 461 creatures vanquished

Notes
Turn   | Place    | Note
-------+----------+-------------------------------------------
     0 | D:5      | qw the Felid Delver began the quest for the Orb.
     0 | D:5      | Reached XP level 1. HP: 10/10 MP: 2/2
     0 | D:5      | 0 ||| qw: Version: 0.1-a-89-g26bdef1
     0 | D:5      | 0 ||| qw: Game counter: 50
     0 | D:5      | 0 ||| qw: Always use a shield: true
     0 | D:5      | 0 ||| qw: God list: Okawaru, Trog
     0 | D:5      | 0 ||| qw: Allow faded altars: false
     0 | D:5      | 0 ||| qw: Do Orc after D:15 true
     0 | D:5      | 0 ||| qw: Do second Lair branch before Depths: true
     0 | D:5      | 0 ||| qw: Lair rune preference: random
     0 | D:5      | 0 ||| qw: Plans: Normal
     0 | D:5      | 0 ||| PLANNING D:1-11
     0 | D:5      | 0 ||| DROPPING scroll of fog.
     1 | D:5      | 1 ||| DROPPING scroll of magic mapping.
     2 | D:5      | 2 ||| DROPPING scroll of fear.
    20 | D:4      | Found a staircase to the Ecumenical Temple.
    21 | D:4      | 21 ||| PLANNING TEMPLE
    27 | Temple   | Entered the Ecumenical Temple
    71 | Temple   | Became a worshipper of Warmaster Okawaru
   162 | Temple   | 162 ||| PLANNING D:1-11
   260 | D:3      | Noticed Jessica
   261 | D:3      | 261 ||| Stepping ~*~*~tactically~*~*~ (stealth).
   262 | D:3      | 262 ||| Stepping ~*~*~tactically~*~*~ (stealth).
   264 | D:3      | 264 ||| Stepping ~*~*~tactically~*~*~ (stealth).
   274 | D:3      | 274 ||| Stepping ~*~*~tactically~*~*~ (hiding).
   280 | D:3      | HP: 2/10 [Jessica/+0 club (5)]
   281 | D:3      | Killed Jessica
   282 | D:3      | Reached skill level 3 in Unarmed Combat
   282 | D:3      | Reached XP level 2. HP: 4/14 MP: 3/3
   287 | D:3      | Reached XP level 3. HP: 5/17 MP: 4/4
   623 | D:3      | Reached skill level 3 in Dodging
   633 | D:3      | 633 ||| READING scroll labelled MESUBIHEXI.
   779 | D:3      | Noticed Natasha
   781 | D:3      | 781 ||| Stepping ~*~*~tactically~*~*~ (hiding).
   885 | D:3      | 885 ||| Stepping ~*~*~tactically~*~*~ (hiding).
   906 | D:3      | 906 ||| Stepping ~*~*~tactically~*~*~ (stealth).
   908 | D:3      | 908 ||| Stepping ~*~*~tactically~*~*~ (stealth).
   909 | D:3      | 909 ||| Stepping ~*~*~tactically~*~*~ (stealth).
   911 | D:3      | 911 ||| Stepping ~*~*~tactically~*~*~ (stealth).
   914 | D:3      | 914 ||| Stepping ~*~*~tactically~*~*~ (stealth).
   937 | D:3      | 937 ||| READING scroll labelled TITHRI FOINK.
   938 | D:3      | 938 ||| Stepping ~*~*~tactically~*~*~ (hiding).
   946 | D:3      | HP: 4/16 [shadow imp/nerve-wracking pain[Natasha] (7)]
   947 | D:3      | Killed Natasha
  1206 | D:3      | 1206 ||| READING scroll labelled HUFEETH MUHEY.
  1292 | D:2      | 1292 ||| Stepping ~*~*~tactically~*~*~ (outnumbered).
  1294 | D:2      | 1294 ||| Stepping ~*~*~tactically~*~*~ (outnumbered).
  1302 | D:2      | Reached XP level 4. HP: 21/21 MP: 5/5
  1849 | D:2      | Found a burning altar of Makhleb.
  1914 | D:2      | 1914 ||| READING scroll labelled JEERIR ADU GIR.
  1915 | D:2      | 1915 ||| READING scroll labelled DATISK NUAT.
  1916 | D:2      | 1916 ||| DRINKING 3 metallic clear potions.
  1917 | D:2      | 1917 ||| DRINKING 2 emerald potions.
  1962 | D:1      | 1962 ||| Stepping ~*~*~tactically~*~*~ (stealth).
  2345 | D:1      | 2345 ||| Stepping ~*~*~tactically~*~*~ (stealth).
  2355 | D:1      | 2355 ||| Stepping ~*~*~tactically~*~*~ (stealth).
  2357 | D:1      | 2357 ||| Stepping ~*~*~tactically~*~*~ (stealth).
  2360 | D:1      | 2360 ||| Stepping ~*~*~tactically~*~*~ (stealth).
  2362 | D:1      | 2362 ||| Stepping ~*~*~tactically~*~*~ (stealth).
  2365 | D:1      | 2365 ||| Stepping ~*~*~tactically~*~*~ (stealth).
  2366 | D:1      | 2366 ||| Stepping ~*~*~tactically~*~*~ (stealth).
  2369 | D:1      | 2369 ||| Stepping ~*~*~tactically~*~*~ (stealth).
  2371 | D:1      | 2371 ||| Stepping ~*~*~tactically~*~*~ (stealth).
  2374 | D:1      | 2374 ||| Stepping ~*~*~tactically~*~*~ (stealth).
  2375 | D:1      | 2375 ||| Stepping ~*~*~tactically~*~*~ (stealth).
  2377 | D:1      | 2377 ||| Stepping ~*~*~tactically~*~*~ (stealth).
  2380 | D:1      | 2380 ||| Stepping ~*~*~tactically~*~*~ (stealth).
  2382 | D:1      | 2382 ||| Stepping ~*~*~tactically~*~*~ (stealth).
  2384 | D:1      | 2384 ||| Stepping ~*~*~tactically~*~*~ (stealth).
  2387 | D:1      | 2387 ||| Stepping ~*~*~tactically~*~*~ (stealth).
  2614 | D:1      | Found a faded altar of an unknown god.
  3108 | D:1      | 3108 ||| DROPPING ring of magical power.
  3125 | D:1      | 3125 ||| UPGRADING to +4 ring of evasion.
  3126 | D:1      | 3126 ||| READING scroll labelled NAOMOSICKI.
  3126 | D:1      | Identified a scroll of acquirement
  3126 | D:1      | 3126 ||| ACQUIRING 1070 gold pieces
  3126 | D:1      | Acquired 1070 gold pieces
  3132 | D:1      | Found a white marble altar of Elyvilon.
  3133 | D:1      | 3133 ||| READING scroll labelled ANUOCWOLAE.
  3198 | D:2      | Reached XP level 5. HP: 24/24 MP: 6/6
  3263 | D:2      | 3263 ||| Stepping ~*~*~tactically~*~*~ (stealth).
  3509 | D:2      | 3509 ||| READING scroll labelled FULAQU PAWO.
  3510 | D:2      | 3510 ||| READING 2 scrolls of identify.
  3510 | D:2      | 3510 ||| IDENTIFYING glowing brown potion
  3655 | D:3      | Noticed Natasha
  3656 | D:3      | 3656 ||| Stepping ~*~*~tactically~*~*~ (stealth).
  3669 | D:3      | 3669 ||| Stepping ~*~*~tactically~*~*~ (hiding).
  3678 | D:3      | Killed Natasha
  3829 | D:3      | 3829 ||| Stepping ~*~*~tactically~*~*~ (stealth).
  4105 | D:3      | 4105 ||| Stepping ~*~*~tactically~*~*~ (stealth).
  4107 | D:3      | 4107 ||| Stepping ~*~*~tactically~*~*~ (stealth).
  4109 | D:3      | 4109 ||| Stepping ~*~*~tactically~*~*~ (stealth).
  4111 | D:3      | 4111 ||| Stepping ~*~*~tactically~*~*~ (stealth).
  4113 | D:3      | 4113 ||| Stepping ~*~*~tactically~*~*~ (stealth).
  4115 | D:3      | 4115 ||| Stepping ~*~*~tactically~*~*~ (stealth).
  4117 | D:3      | 4117 ||| Stepping ~*~*~tactically~*~*~ (stealth).
  4119 | D:3      | 4119 ||| Stepping ~*~*~tactically~*~*~ (stealth).
  4121 | D:3      | 4121 ||| Stepping ~*~*~tactically~*~*~ (stealth).
  4123 | D:3      | 4123 ||| Stepping ~*~*~tactically~*~*~ (stealth).
  4134 | D:3      | 4134 ||| Stepping ~*~*~tactically~*~*~ (stealth).
  4136 | D:3      | 4136 ||| Stepping ~*~*~tactically~*~*~ (stealth).
  4138 | D:3      | 4138 ||| Stepping ~*~*~tactically~*~*~ (stealth).
  4140 | D:3      | 4140 ||| Stepping ~*~*~tactically~*~*~ (stealth).
  4142 | D:3      | 4142 ||| Stepping ~*~*~tactically~*~*~ (stealth).
  4144 | D:3      | 4144 ||| Stepping ~*~*~tactically~*~*~ (stealth).
  4146 | D:3      | 4146 ||| Stepping ~*~*~tactically~*~*~ (stealth).
  4148 | D:3      | 4148 ||| Stepping ~*~*~tactically~*~*~ (stealth).
  4150 | D:3      | 4150 ||| Stepping ~*~*~tactically~*~*~ (stealth).
  4189 | D:3      | 4189 ||| Stepping ~*~*~tactically~*~*~ (stealth).
  4196 | D:3      | Gained mutation: You are covered in thick fur. (AC +2)
                  | [Felid growth]
  4196 | D:3      | Reached XP level 6. HP: 28/28 MP: 7/7
  4322 | D:3      | Noticed Natasha
  4419 | D:4      | HP: 6/28 [poisoned by a scorpion]
  4420 | D:4      | 4420 ||| READING 2 scrolls of teleportation.
  4421 | D:4      | 4421 ||| DRINKING 2 potions of heal wounds.
  4424 | D:4      | Reached * piety under Okawaru
  4430 | D:4      | HP: 7/28 [poisoned by a scorpion]
  4842 | D:4      | Noticed Ijyb
  4843 | D:4      | 4843 ||| INVOKING Heroism.
  4846 | D:4      | Killed Ijyb
  4847 | D:4      | Reached skill level 6 in Unarmed Combat
  5001 | D:4      | 5001 ||| Stepping ~*~*~tactically~*~*~ (stealth).
  5002 | D:4      | 5002 ||| Stepping ~*~*~tactically~*~*~ (stealth).
  5003 | D:4      | 5003 ||| Stepping ~*~*~tactically~*~*~ (stealth).
  5006 | D:4      | Noticed Pikel
  5007 | D:4      | 5007 ||| Stepping ~*~*~tactically~*~*~ (stealth).
  5009 | D:4      | 5009 ||| Stepping ~*~*~tactically~*~*~ (outnumbered).
  5011 | D:4      | 5011 ||| Stepping ~*~*~tactically~*~*~ (stealth).
  5012 | D:4      | 5012 ||| INVOKING Heroism.
  5013 | D:4      | 5013 ||| Stepping ~*~*~tactically~*~*~ (outnumbered).
  5014 | D:4      | 5014 ||| Stepping ~*~*~tactically~*~*~ (outnumbered).
  5015 | D:4      | 5015 ||| Stepping ~*~*~tactically~*~*~ (outnumbered).
  5016 | D:4      | 5016 ||| Stepping ~*~*~tactically~*~*~ (outnumbered).
  5018 | D:4      | 5018 ||| Stepping ~*~*~tactically~*~*~ (outnumbered).
  5019 | D:4      | 5019 ||| Stepping ~*~*~tactically~*~*~ (outnumbered).
  5020 | D:4      | 5020 ||| Stepping ~*~*~tactically~*~*~ (outnumbered).
  5021 | D:4      | 5021 ||| Stepping ~*~*~tactically~*~*~ (outnumbered).
  5022 | D:4      | 5022 ||| Stepping ~*~*~tactically~*~*~ (outnumbered).
  5024 | D:4      | 5024 ||| Stepping ~*~*~tactically~*~*~ (outnumbered).
  5026 | D:4      | 5026 ||| Stepping ~*~*~tactically~*~*~ (outnumbered).
  5028 | D:4      | 5028 ||| Stepping ~*~*~tactically~*~*~ (outnumbered).
  5031 | D:4      | 5031 ||| Stepping ~*~*~tactically~*~*~ (outnumbered).
  5033 | D:4      | 5033 ||| Stepping ~*~*~tactically~*~*~ (outnumbered).
  5034 | D:4      | 5034 ||| Stepping ~*~*~tactically~*~*~ (outnumbered).
  5035 | D:4      | 5035 ||| Stepping ~*~*~tactically~*~*~ (outnumbered).
  5037 | D:4      | 5037 ||| Stepping ~*~*~tactically~*~*~ (outnumbered).
  5038 | D:4      | 5038 ||| Stepping ~*~*~tactically~*~*~ (outnumbered).
  5039 | D:4      | 5039 ||| Stepping ~*~*~tactically~*~*~ (outnumbered).
  5040 | D:4      | 5040 ||| Stepping ~*~*~tactically~*~*~ (outnumbered).
  5041 | D:4      | 5041 ||| Stepping ~*~*~tactically~*~*~ (outnumbered).
  5044 | D:4      | 5044 ||| Stepping ~*~*~tactically~*~*~ (outnumbered).
  5048 | D:4      | 5048 ||| Stepping ~*~*~tactically~*~*~ (outnumbered).
  5049 | D:4      | 5049 ||| Stepping ~*~*~tactically~*~*~ (outnumbered).
  5305 | D:4      | HP: 4/28 [Pikel/+0 whip of freezing (8)]
  5305 | D:4      | HP: 1/28 [Pikel/+0 whip of freezing (3)]
  5306 | D:4      | 5306 ||| READING scroll of teleportation.
  5306 | D:4      | Slain by Pikel
  5307 | D:4      | Reached XP level 5. HP: -5/24 MP: 6/6
  5392 | D:4      | 5392 ||| Stepping ~*~*~tactically~*~*~ (stealth).
  5394 | D:4      | 5394 ||| Stepping ~*~*~tactically~*~*~ (stealth).
  5406 | D:4      | HP: 6/24 [Pikel/+0 whip of freezing (3)]
  5407 | D:4      | 5407 ||| DRINKING potion of heal wounds.
  5412 | D:4      | Killed Pikel
  5413 | D:4      | Reached skill level 9 in Dodging
  5413 | D:4      | Reached XP level 6. HP: 28/28 MP: 7/7
  5413 | D:4      | Reached XP level 7. HP: 31/31 MP: 8/8
  5496 | D:4      | 5496 ||| READING scroll labelled RUZELA OSIEJ.
  5497 | D:4      | 5497 ||| DRINKING 2 fuming ruby potions.
  5498 | D:4      | 5498 ||| DROPPING potion of flight.
  5525 | D:5      | Noticed Eustachio
  5526 | D:5      | 5526 ||| INVOKING Heroism.
  5535 | D:5      | 5535 ||| Stepping ~*~*~tactically~*~*~ (outnumbered).
  5536 | D:5      | 5536 ||| Stepping ~*~*~tactically~*~*~ (outnumbered).
  5537 | D:5      | 5537 ||| INVOKING Heroism.
  5538 | D:5      | 5538 ||| INVOKING Heroism.
  5539 | D:5      | 5539 ||| Stepping ~*~*~tactically~*~*~ (outnumbered).
  5541 | D:5      | 5541 ||| Stepping ~*~*~tactically~*~*~ (outnumbered).
  5542 | D:5      | 5542 ||| Stepping ~*~*~tactically~*~*~ (outnumbered).
  5544 | D:5      | 5544 ||| Stepping ~*~*~tactically~*~*~ (outnumbered).
  5551 | D:5      | 5551 ||| INVOKING Heroism.
  5553 | D:5      | 5553 ||| Stepping ~*~*~tactically~*~*~ (outnumbered).
  5555 | D:5      | 5555 ||| Stepping ~*~*~tactically~*~*~ (outnumbered).
  5558 | D:5      | 5558 ||| Stepping ~*~*~tactically~*~*~ (outnumbered).
  5559 | D:5      | 5559 ||| Stepping ~*~*~tactically~*~*~ (outnumbered).
  5560 | D:5      | 5560 ||| Stepping ~*~*~tactically~*~*~ (outnumbered).
  5561 | D:5      | 5561 ||| Stepping ~*~*~tactically~*~*~ (outnumbered).
  5564 | D:5      | 5564 ||| INVOKING Heroism.
  5590 | D:5      | HP: 1/28 [white imp/puff of frost[Eustachio] (8)]
  5591 | D:5      | 5591 ||| Stepping ~*~*~tactically~*~*~ (outnumbered).
  5591 | D:5      | Killed from afar by a white imp
  5592 | D:5      | Reached XP level 6. HP: -6/25 MP: 6/7
  5614 | D:5      | 5614 ||| Stepping ~*~*~tactically~*~*~ (hiding).
  5716 | D:5      | 5716 ||| Stepping ~*~*~tactically~*~*~ (hiding).
  5818 | D:5      | 5818 ||| Stepping ~*~*~tactically~*~*~ (hiding).
  5920 | D:5      | 5920 ||| Stepping ~*~*~tactically~*~*~ (hiding).
  6022 | D:5      | 6022 ||| Stepping ~*~*~tactically~*~*~ (hiding).
  6252 | D:5      | 6252 ||| Stepping ~*~*~tactically~*~*~ (stealth).
  6255 | D:5      | 6255 ||| INVOKING Heroism.
  6265 | D:5      | 6265 ||| INVOKING Heroism.
  6590 | D:5      | Noticed a water moccasin
  6603 | D:5      | Killed a water moccasin
  6604 | D:5      | Reached skill level 1 in Invocations
  6604 | D:5      | Reached XP level 7. HP: 31/31 MP: 7/9
  6723 | D:5      | 6723 ||| INVOKING Heroism.
  6746 | D:5      | 6746 ||| INVOKING Heroism.
  6777 | D:5      | Noticed Grinder
  6778 | D:5      | 6778 ||| INVOKING Heroism.
  6781 | D:5      | Killed Grinder
  6781 | D:5      | Reached ** piety under Okawaru
  6782 | D:5      | Reached skill level 3 in Invocations
  6788 | D:5      | 6788 ||| Stepping ~*~*~tactically~*~*~ (stealth).
  6793 | D:5      | Reached XP level 8. HP: 34/34 MP: 8/11
  6796 | D:5      | 6796 ||| Stepping ~*~*~tactically~*~*~ (stealth).
  6929 | D:5      | 6929 ||| INVOKING Heroism.
  6989 | D:5      | 6989 ||| INVOKING Heroism.
  7079 | D:5      | 7079 ||| INVOKING Heroism.
  7090 | D:5      | Killed Eustachio
  7316 | D:5      | Found Omem's Antique Armour Emporium.
  7452 | D:5      | 7452 ||| UPGRADING to amulet of reflection.
  7457 | D:5      | 7457 ||| READING 2 scrolls of identify.
  7457 | D:5      | 7457 ||| IDENTIFYING murky brown potion
  7484 | D:6      | 7484 ||| INVOKING Heroism.
  7549 | D:6      | 7549 ||| INVOKING Heroism.
  7554 | D:6      | 7554 ||| Stepping ~*~*~tactically~*~*~ (outnumbered).
  7560 | D:6      | 7560 ||| Stepping ~*~*~tactically~*~*~ (outnumbered).
  7562 | D:6      | 7562 ||| Stepping ~*~*~tactically~*~*~ (outnumbered).
  7563 | D:6      | 7563 ||| Stepping ~*~*~tactically~*~*~ (outnumbered).
  7564 | D:6      | 7564 ||| Stepping ~*~*~tactically~*~*~ (outnumbered).
  7565 | D:6      | 7565 ||| INVOKING Heroism.
  7566 | D:6      | 7566 ||| Stepping ~*~*~tactically~*~*~ (outnumbered).
  7568 | D:6      | 7568 ||| Stepping ~*~*~tactically~*~*~ (outnumbered).
  7570 | D:6      | 7570 ||| Stepping ~*~*~tactically~*~*~ (outnumbered).
  7572 | D:6      | 7572 ||| Stepping ~*~*~tactically~*~*~ (outnumbered).
  7573 | D:6      | 7573 ||| Stepping ~*~*~tactically~*~*~ (outnumbered).
  7581 | D:6      | HP: 3/36 [gnoll/+0 halberd (8)]
  7582 | D:6      | 7582 ||| DRINKING potion of heal wounds.
  7592 | D:6      | 7592 ||| INVOKING Heroism.
  7751 | D:6      | 7751 ||| INVOKING Heroism.
  7763 | D:6      | Reached skill level 9 in Unarmed Combat
  7975 | D:6      | 7975 ||| INVOKING Heroism.
  8165 | D:6      | 8165 ||| INVOKING Heroism.
  8170 | D:6      | 8170 ||| Stepping ~*~*~tactically~*~*~ (outnumbered).
  8177 | D:6      | Reached *** piety under Okawaru
  8178 | D:6      | Reached XP level 9. HP: 14/40 MP: 11/13
  8466 | D:6      | 8466 ||| INVOKING Heroism.
  8479 | D:6      | 8479 ||| Stepping ~*~*~tactically~*~*~ (hiding).
  8825 | D:6      | 8825 ||| READING scroll labelled BIOQAF HO XOZ.
  8826 | D:6      | 8826 ||| READING scroll labelled LUEMNU ITODE.
  8827 | D:6      | 8827 ||| DRINKING 3 fizzy grey potions.
  8828 | D:6      | 8828 ||| DROPPING 2 potions of attraction.
  8829 | D:6      | 8829 ||| Stepping randomly (stuck).
  8830 | D:6      | 8830 ||| Stepping ~*~*~tactically~*~*~ (cloud).
  8984 | D:7      | 8984 ||| STAIRDANCE
  8994 | D:7      | 8994 ||| Stepping ~*~*~tactically~*~*~ (stealth).
  8995 | D:7      | 8995 ||| Stepping ~*~*~tactically~*~*~ (stealth).
  8997 | D:7      | 8997 ||| Stepping ~*~*~tactically~*~*~ (stealth).
  8998 | D:7      | 8998 ||| Stepping ~*~*~tactically~*~*~ (stealth).
  8999 | D:7      | 8999 ||| Stepping ~*~*~tactically~*~*~ (stealth).
  9000 | D:7      | 9000 ||| Stepping ~*~*~tactically~*~*~ (stealth).
  9001 | D:7      | 9001 ||| Stepping ~*~*~tactically~*~*~ (stealth).
  9002 | D:7      | 9002 ||| INVOKING Heroism.
  9005 | D:7      | 9005 ||| Stepping ~*~*~tactically~*~*~ (outnumbered).
  9009 | D:7      | 9009 ||| Stepping ~*~*~tactically~*~*~ (outnumbered).
  9010 | D:7      | 9010 ||| Stepping ~*~*~tactically~*~*~ (outnumbered).
  9018 | D:7      | Noticed Prince Ribbit
  9023 | D:7      | 9023 ||| INVOKING Heroism.
  9024 | D:7      | Killed Prince Ribbit
  9087 | D:7      | Noticed Menkaure
  9088 | D:7      | 9088 ||| INVOKING Heroism.
  9093 | D:7      | Killed Menkaure
  9131 | D:7      | Identified the +4 hand axe of the Usurping Gods {vorpal,
                  | *Rage rN+ Str+6 SInv}
  9134 | D:7      | 9134 ||| Stepping ~*~*~tactically~*~*~ (stealth).
  9136 | D:7      | 9136 ||| Stepping ~*~*~tactically~*~*~ (stealth).
  9138 | D:7      | 9138 ||| Stepping ~*~*~tactically~*~*~ (stealth).
  9140 | D:7      | 9140 ||| Stepping ~*~*~tactically~*~*~ (stealth).
  9142 | D:7      | 9142 ||| Stepping ~*~*~tactically~*~*~ (stealth).
  9146 | D:7      | 9146 ||| Stepping ~*~*~tactically~*~*~ (stealth).
  9148 | D:7      | 9148 ||| Stepping ~*~*~tactically~*~*~ (stealth).
  9168 | D:7      | 9168 ||| INVOKING Heroism.
  9296 | D:7      | Found the brooch of Shielding {Spirit SH+8}
  9328 | D:7      | 9328 ||| Stepping ~*~*~tactically~*~*~ (hiding).
  9370 | D:7      | 9370 ||| Stepping ~*~*~tactically~*~*~ (hiding).
  9477 | D:7      | 9477 ||| Stepping ~*~*~tactically~*~*~ (hiding).
  9559 | D:7      | 9559 ||| Stepping ~*~*~tactically~*~*~ (hiding).
  9661 | D:7      | 9661 ||| Stepping ~*~*~tactically~*~*~ (hiding).
  9763 | D:7      | 9763 ||| Stepping ~*~*~tactically~*~*~ (hiding).
  9865 | D:7      | 9865 ||| Stepping ~*~*~tactically~*~*~ (hiding).
  9967 | D:7      | 9967 ||| Stepping ~*~*~tactically~*~*~ (hiding).
 10069 | D:7      | 10069 ||| Stepping ~*~*~tactically~*~*~ (hiding).
 10171 | D:7      | 10171 ||| Stepping ~*~*~tactically~*~*~ (hiding).
 10178 | D:7      | 10178 ||| INVOKING Heroism.
 10233 | D:7      | 10233 ||| INVOKING Heroism.
 10482 | D:7      | Noticed a gargoyle
 10484 | D:7      | Killed a gargoyle
 10492 | D:7      | Noticed a gargoyle
 10493 | D:7      | 10493 ||| Stepping ~*~*~tactically~*~*~ (stealth).
 10495 | D:7      | 10495 ||| Stepping ~*~*~tactically~*~*~ (stealth).
 10508 | D:7      | 10508 ||| INVOKING Heroism.
 10509 | D:7      | Killed a gargoyle
 10509 | D:7      | Reached **** piety under Okawaru
 10728 | D:7      | Noticed a gargoyle
 10730 | D:7      | Killed a gargoyle
 10731 | D:7      | Reached XP level 10. HP: 44/44 MP: 14/14
 10732 | D:7      | Noticed a gargoyle
 10734 | D:7      | Killed a gargoyle
 10739 | D:7      | Noticed a gargoyle
 10745 | D:7      | Killed a gargoyle
 10751 | D:7      | Noticed a gargoyle
 10753 | D:7      | Killed a gargoyle
 10754 | D:7      | Reached skill level 6 in Fighting
 10781 | D:7      | 10781 ||| UPGRADING to +6 ring of dexterity.
 10782 | D:7      | 10782 ||| READING scroll labelled SITETEIFOBB.
 11033 | D:8      | 11033 ||| READING scroll of acquirement.
 11033 | D:8      | 11033 ||| ACQUIRING ring of Gouzam {rPois rF+ Int-2 SInv}
 11033 | D:8      | Acquired the ring of Gouzam {rPois rF+ Int-2 SInv}
 11035 | D:8      | 11035 ||| UPGRADING to ring of Gouzam {rPois rF+ Int-2
                  | SInv}.
 11047 | D:8      | 11047 ||| INVOKING Heroism.
 11174 | D:8      | 11174 ||| INVOKING Heroism.
 11175 | D:8      | 11175 ||| Stepping ~*~*~tactically~*~*~ (outnumbered).
 11176 | D:8      | 11176 ||| Stepping ~*~*~tactically~*~*~ (outnumbered).
 11177 | D:8      | 11177 ||| Stepping ~*~*~tactically~*~*~ (outnumbered).
 11179 | D:8      | 11179 ||| Stepping ~*~*~tactically~*~*~ (outnumbered).
 11180 | D:8      | 11180 ||| Stepping ~*~*~tactically~*~*~ (outnumbered).
 11223 | D:8      | 11223 ||| Stepping ~*~*~tactically~*~*~ (stealth).
 11224 | D:8      | 11224 ||| Stepping ~*~*~tactically~*~*~ (stealth).
 11246 | D:8      | 11246 ||| Stepping ~*~*~tactically~*~*~ (stealth).
 11250 | D:8      | 11250 ||| INVOKING Heroism.
 11253 | D:8      | 11253 ||| Stepping ~*~*~tactically~*~*~ (outnumbered).
 11324 | D:8      | Found Vyafis's General Store.
 11330 | D:8      | 11330 ||| Stepping ~*~*~tactically~*~*~ (stealth).
 11332 | D:8      | 11332 ||| Stepping ~*~*~tactically~*~*~ (hiding).
 11336 | D:8      | 11336 ||| INVOKING Heroism.
 11342 | D:8      | 11342 ||| Stepping ~*~*~tactically~*~*~ (outnumbered).
 11349 | D:8      | 11349 ||| Stepping ~*~*~tactically~*~*~ (outnumbered).
 11417 | D:8      | 11417 ||| Stepping ~*~*~tactically~*~*~ (stealth).
 11419 | D:8      | 11419 ||| Stepping ~*~*~tactically~*~*~ (stealth).
 11422 | D:8      | 11422 ||| Stepping ~*~*~tactically~*~*~ (stealth).
 11424 | D:8      | 11424 ||| Stepping ~*~*~tactically~*~*~ (stealth).
 11426 | D:8      | 11426 ||| Stepping ~*~*~tactically~*~*~ (stealth).
 11428 | D:8      | 11428 ||| Stepping ~*~*~tactically~*~*~ (stealth).
 11430 | D:8      | 11430 ||| INVOKING Heroism.
 11739 | D:8      | 11739 ||| UPGRADING to +4 ring of evasion.
 11741 | D:8      | 11741 ||| DRINKING 2 blue potions.
 11742 | D:8      | 11742 ||| DRINKING 3 lumpy pink potions.
 11743 | D:8      | 11743 ||| READING 2 scrolls of identify.
 11743 | D:8      | 11743 ||| IDENTIFYING fizzy pink potion
 11744 | D:8      | 11744 ||| DROPPING potion of berserk rage.
 11817 | D:8      | 11817 ||| Stepping randomly (stuck).
 11855 | D:9      | 11855 ||| INVOKING Heroism.
 11857 | D:9      | Reached skill level 6 in Invocations
 11953 | D:9      | 11953 ||| INVOKING Heroism.
 12106 | D:9      | 12106 ||| INVOKING Heroism.
 12349 | D:9      | Found a snail-covered altar of Cheibriados.
 12358 | D:9      | Noticed a two-headed ogre
 12358 | D:9      | 12358 ||| INVOKING Heroism.
 12367 | D:9      | 12367 ||| Stepping ~*~*~tactically~*~*~ (outnumbered).
 12369 | D:9      | 12369 ||| Stepping ~*~*~tactically~*~*~ (outnumbered).
 12373 | D:9      | Killed a two-headed ogre
 12373 | D:9      | Reached ***** piety under Okawaru
 12374 | D:9      | Reached skill level 12 in Dodging
 12375 | D:9      | 12375 ||| Stepping ~*~*~tactically~*~*~ (outnumbered).
 12378 | D:9      | 12378 ||| Stepping ~*~*~tactically~*~*~ (outnumbered).
 12457 | D:9      | 12457 ||| Stepping ~*~*~tactically~*~*~ (stealth).
 12459 | D:9      | 12459 ||| Stepping ~*~*~tactically~*~*~ (stealth).
 12462 | D:9      | 12462 ||| Stepping ~*~*~tactically~*~*~ (stealth).
 12463 | D:9      | 12463 ||| Stepping ~*~*~tactically~*~*~ (stealth).
 12464 | D:9      | 12464 ||| Stepping ~*~*~tactically~*~*~ (stealth).
 12466 | D:9      | 12466 ||| Stepping ~*~*~tactically~*~*~ (stealth).
 12474 | D:9      | 12474 ||| Stepping ~*~*~tactically~*~*~ (stealth).
 12477 | D:9      | 12477 ||| Stepping ~*~*~tactically~*~*~ (stealth).
 12479 | D:9      | 12479 ||| Stepping ~*~*~tactically~*~*~ (stealth).
 12481 | D:9      | 12481 ||| Stepping ~*~*~tactically~*~*~ (stealth).
 12483 | D:9      | 12483 ||| Stepping ~*~*~tactically~*~*~ (stealth).
 12547 | D:9      | Noticed a deep elf pyromancer
 12548 | D:9      | 12548 ||| Stepping ~*~*~tactically~*~*~ (hiding).
 12650 | D:9      | 12650 ||| Stepping ~*~*~tactically~*~*~ (hiding).
 12752 | D:9      | 12752 ||| Stepping ~*~*~tactically~*~*~ (hiding).
 12854 | D:9      | 12854 ||| Stepping ~*~*~tactically~*~*~ (hiding).
 12956 | D:9      | 12956 ||| Stepping ~*~*~tactically~*~*~ (hiding).
 13058 | D:9      | 13058 ||| Stepping ~*~*~tactically~*~*~ (hiding).
 13160 | D:9      | 13160 ||| Stepping ~*~*~tactically~*~*~ (hiding).
 13262 | D:9      | 13262 ||| Stepping ~*~*~tactically~*~*~ (hiding).
 13364 | D:9      | 13364 ||| Stepping ~*~*~tactically~*~*~ (hiding).
 13376 | D:9      | Killed a deep elf pyromancer
 13499 | D:9      | 13499 ||| INVOKING Heroism.
 13527 | D:9      | 13527 ||| Stepping ~*~*~tactically~*~*~ (stealth).
 13562 | D:9      | 13562 ||| INVOKING Heroism.
 13565 | D:9      | 13565 ||| Stepping ~*~*~tactically~*~*~ (outnumbered).
 13571 | D:9      | 13571 ||| Stepping ~*~*~tactically~*~*~ (outnumbered).
 13602 | D:9      | HP: 9/45 [orc priest/divine providence (15)]
 13603 | D:9      | 13603 ||| READING scroll of teleportation.
 13603 | D:9      | Killed from afar by an electric eel
 13604 | D:9      | Reached XP level 9. HP: -1/41 MP: 15/15
 13680 | D:9      | 13680 ||| INVOKING Heroism.
 13680 | D:9      | HP: 8/41 [electric eel/bolt of electricity (12)]
 13681 | D:9      | 13681 ||| DRINKING potion of heal wounds.
 13687 | D:9      | Reached XP level 10. HP: 24/45 MP: 14/16
 13703 | D:9      | HP: 10/45 [orc priest/+0 flail (4)]
 14201 | D:9      | 14201 ||| Stepping ~*~*~tactically~*~*~ (stealth).
 14203 | D:9      | 14203 ||| Stepping ~*~*~tactically~*~*~ (hiding).
 14206 | D:9      | 14206 ||| INVOKING Heroism.
 14208 | D:9      | 14208 ||| Stepping ~*~*~tactically~*~*~ (hiding).
 14214 | D:9      | Noticed Maggie
 14217 | D:9      | 14217 ||| Stepping ~*~*~tactically~*~*~ (outnumbered).
 14221 | D:9      | 14221 ||| Stepping ~*~*~tactically~*~*~ (outnumbered).
 14224 | D:9      | HP: 11/45 [gnoll sergeant/+0 trident (7)]
 14237 | D:9      | Killed Maggie
 14599 | D:9      | 14599 ||| DRINKING 3 metallic yellow potions.
 14600 | D:9      | 14600 ||| READING 2 scrolls of identify.
 14600 | D:9      | 14600 ||| IDENTIFYING orange potion
 14601 | D:9      | 14601 ||| DROPPING potion of ambrosia.
 14602 | D:9      | 14602 ||| DROPPING 2 potions of brilliance.
 14648 | D:8      | 14648 ||| BUYING potion of heal wounds (50 gold).
 14648 | D:8      | Bought a potion of heal wounds for 50 gold pieces
 14648 | D:8      | 14648 ||| BUYING scroll of teleportation (30 gold).
 14648 | D:8      | Bought a scroll of teleportation for 30 gold pieces
 14648 | D:8      | 14648 ||| READING scroll of teleportation.
 14704 | D:10     | Entered Level 10 of the Dungeon
 14741 | D:10     | 14741 ||| FLEEEEING.
 14742 | D:10     | 14742 ||| FLEEEEING.
 14743 | D:10     | 14743 ||| FLEEEEING.
 14744 | D:10     | 14744 ||| INVOKING Heroism.
 14809 | D:10     | Noticed Psyche
 14810 | D:10     | 14810 ||| INVOKING Heroism.
 14826 | D:10     | Killed Psyche
 14951 | D:10     | 14951 ||| Stepping ~*~*~tactically~*~*~ (stealth).
 14953 | D:10     | 14953 ||| Stepping ~*~*~tactically~*~*~ (stealth).
 14955 | D:10     | 14955 ||| Stepping ~*~*~tactically~*~*~ (stealth).
 14957 | D:10     | 14957 ||| Stepping ~*~*~tactically~*~*~ (stealth).
 14959 | D:10     | 14959 ||| Stepping ~*~*~tactically~*~*~ (stealth).
 14961 | D:10     | 14961 ||| Stepping ~*~*~tactically~*~*~ (stealth).
 14963 | D:10     | 14963 ||| Stepping ~*~*~tactically~*~*~ (stealth).
 14965 | D:10     | 14965 ||| Stepping ~*~*~tactically~*~*~ (stealth).
 14967 | D:10     | 14967 ||| Stepping ~*~*~tactically~*~*~ (stealth).
 14979 | D:10     | 14979 ||| INVOKING Heroism.
 15190 | D:10     | 15190 ||| Stepping ~*~*~tactically~*~*~ (hiding).
 15292 | D:10     | 15292 ||| Stepping ~*~*~tactically~*~*~ (hiding).
 15356 | D:10     | 15356 ||| Stepping ~*~*~tactically~*~*~ (stealth).
 15358 | D:10     | 15358 ||| Stepping ~*~*~tactically~*~*~ (stealth).
 15360 | D:10     | 15360 ||| Stepping ~*~*~tactically~*~*~ (stealth).
 15363 | D:10     | 15363 ||| Stepping ~*~*~tactically~*~*~ (stealth).
 15364 | D:10     | 15364 ||| Stepping ~*~*~tactically~*~*~ (stealth).
 15367 | D:10     | 15367 ||| INVOKING Heroism.
 15369 | D:10     | 15369 ||| Stepping ~*~*~tactically~*~*~ (outnumbered).
 15397 | D:10     | Reached skill level 12 in Unarmed Combat
 15399 | D:10     | 15399 ||| Stepping ~*~*~tactically~*~*~ (outnumbered).
 15410 | D:10     | 15410 ||| Stepping ~*~*~tactically~*~*~ (stealth).
 15428 | D:10     | 15428 ||| Stepping ~*~*~tactically~*~*~ (stealth).
 15430 | D:10     | 15430 ||| Stepping ~*~*~tactically~*~*~ (stealth).
 15432 | D:10     | 15432 ||| Stepping ~*~*~tactically~*~*~ (stealth).
 15437 | D:10     | 15437 ||| INVOKING Heroism.
 15610 | D:10     | 15610 ||| Stepping ~*~*~tactically~*~*~ (stealth).
 15612 | D:10     | 15612 ||| Stepping ~*~*~tactically~*~*~ (stealth).
 15615 | D:10     | 15615 ||| Stepping ~*~*~tactically~*~*~ (stealth).
 15673 | D:10     | Found a staircase to the Lair.
 15831 | D:10     | Reached ****** piety under Okawaru
 16339 | D:10     | 16339 ||| PLANNING LAIR
 16339 | D:10     | 16339 ||| DROPPING +6 ring of dexterity.
 16393 | Lair:1   | Entered Level 1 of the Lair of Beasts
 16455 | Lair:1   | 16455 ||| INVOKING Heroism.
 16465 | Lair:1   | 16465 ||| Stepping ~*~*~tactically~*~*~ (outnumbered).
 16467 | Lair:1   | 16467 ||| Stepping ~*~*~tactically~*~*~ (outnumbered).
 16476 | Lair:1   | 16476 ||| Stepping ~*~*~tactically~*~*~ (outnumbered).
 16485 | Lair:1   | Reached skill level 9 in Invocations
 16485 | Lair:1   | 16485 ||| Stepping ~*~*~tactically~*~*~ (outnumbered).
 16492 | Lair:1   | Reached XP level 11. HP: 16/50 MP: 18/18
 16495 | Lair:1   | 16495 ||| INVOKING Heroism.
 16498 | Lair:1   | HP: 1/50 [blink frog (16)]
 16499 | Lair:1   | 16499 ||| READING 2 scrolls of teleportation.
 16500 | Lair:1   | 16500 ||| DRINKING potion of heal wounds.
 16516 | Lair:1   | 16516 ||| Stepping ~*~*~tactically~*~*~ (outnumbered).
 16517 | Lair:1   | 16517 ||| Stepping ~*~*~tactically~*~*~ (outnumbered).
 16518 | Lair:1   | 16518 ||| Stepping ~*~*~tactically~*~*~ (outnumbered).
 16522 | Lair:1   | HP: 12/50 [poisoned by a water moccasin]
 16523 | Lair:1   | 16523 ||| READING scroll of teleportation.
 16525 | Lair:1   | HP: 5/50 [poisoned by a water moccasin]
 16527 | Lair:1   | 16527 ||| DRINKING 5 potions of curing.
 16527 | Lair:1   | 16527 ||| (to cure poison)
 16546 | Lair:1   | 16546 ||| INVOKING Heroism.
 16782 | Lair:1   | 16782 ||| Stepping ~*~*~tactically~*~*~ (stealth).
 16785 | Lair:1   | 16785 ||| Stepping ~*~*~tactically~*~*~ (stealth).
 16789 | Lair:1   | 16789 ||| INVOKING Heroism.
 16937 | Lair:1   | 16937 ||| Stepping ~*~*~tactically~*~*~ (stealth).
 16938 | Lair:1   | 16938 ||| Stepping ~*~*~tactically~*~*~ (stealth).
 16940 | Lair:1   | 16940 ||| Stepping ~*~*~tactically~*~*~ (stealth).
 16942 | Lair:1   | 16942 ||| Stepping ~*~*~tactically~*~*~ (stealth).
 16944 | Lair:1   | 16944 ||| Stepping ~*~*~tactically~*~*~ (stealth).
 16946 | Lair:1   | 16946 ||| Stepping ~*~*~tactically~*~*~ (stealth).
 16947 | Lair:1   | 16947 ||| Stepping ~*~*~tactically~*~*~ (stealth).
 16949 | Lair:1   | 16949 ||| Stepping ~*~*~tactically~*~*~ (stealth).
 16954 | Lair:1   | 16954 ||| Stepping ~*~*~tactically~*~*~ (stealth).
 16959 | Lair:1   | 16959 ||| Stepping ~*~*~tactically~*~*~ (outnumbered).
 16974 | Lair:1   | 16974 ||| INVOKING Heroism.
 17093 | Lair:1   | 17093 ||| Stepping ~*~*~tactically~*~*~ (stealth).
 17136 | Lair:1   | 17136 ||| Stepping ~*~*~tactically~*~*~ (stealth).
 17138 | Lair:1   | 17138 ||| INVOKING Heroism.
 17139 | Lair:1   | 17139 ||| Stepping ~*~*~tactically~*~*~ (stealth).
 17143 | Lair:1   | 17143 ||| Stepping ~*~*~tactically~*~*~ (stealth).
 17153 | Lair:1   | 17153 ||| Stepping ~*~*~tactically~*~*~ (stealth).
 17156 | Lair:1   | 17156 ||| Stepping ~*~*~tactically~*~*~ (stealth).
 17157 | Lair:1   | 17157 ||| Stepping ~*~*~tactically~*~*~ (stealth).
 17167 | Lair:1   | 17167 ||| INVOKING Heroism.
 17174 | Lair:1   | 17174 ||| Stepping ~*~*~tactically~*~*~ (stealth).
 17206 | Lair:1   | 17206 ||| INVOKING Heroism.
 17247 | Lair:1   | 17247 ||| Stepping ~*~*~tactically~*~*~ (stealth).
 17290 | Lair:1   | 17290 ||| INVOKING Heroism.
 17317 | Lair:1   | 17317 ||| Stepping ~*~*~tactically~*~*~ (stealth).
 17318 | Lair:1   | 17318 ||| Stepping ~*~*~tactically~*~*~ (stealth).
 17321 | Lair:1   | 17321 ||| Stepping ~*~*~tactically~*~*~ (stealth).
 17329 | Lair:1   | 17329 ||| Stepping ~*~*~tactically~*~*~ (stealth).
 17331 | Lair:1   | 17331 ||| Stepping ~*~*~tactically~*~*~ (stealth).
 17334 | Lair:1   | 17334 ||| Stepping ~*~*~tactically~*~*~ (stealth).
 17342 | Lair:1   | 17342 ||| Stepping ~*~*~tactically~*~*~ (outnumbered).
 17395 | Lair:1   | 17395 ||| Stepping ~*~*~tactically~*~*~ (stealth).
 17408 | Lair:1   | 17408 ||| Stepping ~*~*~tactically~*~*~ (stealth).
 17455 | Lair:1   | 17455 ||| Stepping ~*~*~tactically~*~*~ (stealth).
 17458 | Lair:1   | 17458 ||| Stepping ~*~*~tactically~*~*~ (stealth).
 17460 | Lair:1   | 17460 ||| Stepping ~*~*~tactically~*~*~ (stealth).
 17463 | Lair:1   | 17463 ||| Stepping ~*~*~tactically~*~*~ (stealth).
 17465 | Lair:1   | 17465 ||| Stepping ~*~*~tactically~*~*~ (stealth).
 17466 | Lair:1   | 17466 ||| Stepping ~*~*~tactically~*~*~ (stealth).
 17468 | Lair:1   | 17468 ||| Stepping ~*~*~tactically~*~*~ (stealth).
 17470 | Lair:1   | 17470 ||| INVOKING Heroism.
 17534 | Lair:1   | 17534 ||| Stepping ~*~*~tactically~*~*~ (stealth).
 17536 | Lair:1   | 17536 ||| Stepping ~*~*~tactically~*~*~ (stealth).
 17538 | Lair:1   | 17538 ||| Stepping ~*~*~tactically~*~*~ (stealth).
 17539 | Lair:1   | 17539 ||| Stepping ~*~*~tactically~*~*~ (stealth).
 17540 | Lair:1   | 17540 ||| Stepping ~*~*~tactically~*~*~ (stealth).
 17542 | Lair:1   | 17542 ||| Stepping ~*~*~tactically~*~*~ (stealth).
 17569 | Lair:1   | 17569 ||| INVOKING Heroism.
 17571 | Lair:1   | 17571 ||| Stepping ~*~*~tactically~*~*~ (outnumbered).
 17572 | Lair:1   | 17572 ||| Stepping ~*~*~tactically~*~*~ (outnumbered).
 17575 | Lair:1   | 17575 ||| Stepping ~*~*~tactically~*~*~ (outnumbered).
 17579 | Lair:1   | 17579 ||| Stepping ~*~*~tactically~*~*~ (outnumbered).
 17581 | Lair:1   | 17581 ||| Stepping ~*~*~tactically~*~*~ (outnumbered).
 17594 | Lair:1   | HP: 11/50 [elephant (4)]
 17601 | Lair:1   | HP: 4/50 [black mamba (8)]
 17601 | Lair:1   | Slain by an elephant

Levels and vault maps discovered:
D:1:      dpeg_arrival_lava_altar, layout_loops_cross, serial_aquarium,
          aquarium_bridge_square [aquarium_subvault_bridge,
          aquarium_subvault_wall, aquarium_subvault_wall,
          aquarium_subvault_bridge], aquarium_window_1, aquarium_window_2,
          aquarium_window_fake, aquarium_view_2b,
          hellmonk_ecumenical_altar_zigzags
D:2:      layout_basic, basic_altar
D:3:      layout_loops_ring, moated_statue, goddamned_bats, uniq_jessica,
          uniq_natasha
D:4:      layout_gridville, minmay_temple_entry_wispy, st_stairs_2, uniq_ijyb,
          uniq_pikel
D:5:      kennysheep_six_static_rooms, layout_rooms, serial_shops,
          nicolae_square_shop, grunt_decor_clamped, uniq_eustachio, uniq_grinder
D:6:      nicolae_cairo_tiling_large_dashed, layout_loops_ring
D:7:      cheibrodos_statue_roulette, layout_rooms, serial_demonic,
          serial_demonic_g, serial_demonic_e, serial_demonic_b,
          serial_demonic_g, uniq_menkaure, uniq_prince_ribbit1
D:8:      layout_loops_ring, serial_shops, nicolae_take_the_stairs
D:9:      layout_basic, lemuel_crystal_altar, serial_bayou_lake_a, uniq_maggie
D:10:     layout_basic, due_lair_maze_entry_diamond, uniq_psyche
Temple:   kilobyte_greek_temple
Lair:1:   layout_loops_ring

Skill      XL: |  1  2  3  4  5  6  7  8  9 10 11 |
---------------+----------------------------------+-----
Unarmed Combat | 3 4 5 7 9 11 12 13 | 13.0
Dodging        | 3 4 9 11 12 13 | 13.0
Invocations    | 1 3 4 9 10 | 10.0
Fighting       | 5 7 |  7.2
Stealth        | |  6.6

Action                   |  1- 3 |  4- 6 |  7- 9 | 10-12 || total
-------------------------+-------+-------+-------+-------++-------
Melee: Unarmed           |    54 |   347 |   274 |   567 ||  1242
       Bite              |    11 |    43 |    34 |    67 ||   155
       Punch             |     2 |     5 |    27 |    63 ||    97
Invok: Heroism           |       |     4 |    26 |    28 ||    58
  Use: Scroll            |     3 |     8 |     4 |     8 ||    23
       Potion            |       |     4 |     4 |     5 ||    13
 Stab: Distracted        |     1 |       |     2 |     1 ||     4
       Sleeping          |       |    14 |    10 |     4 ||    28
Armor: Skin              |     5 |    22 |    10 |     8 ||    45
Dodge: Dodged            |    58 |   319 |   318 |   466 ||  1161
Block: Other             |       |       |    41 |    89 ||   130
       Reflection        |       |       |     3 |     1 ||     4

Table legend:
 A = Non-vault XP
 B = Vault XP
 C = Vault XP percentage of total XP
 D = Non-vault monster count
 E = Vault monster count
 F = Vault count percentage of total count
                 A         B        C        D         E       F
            +---------+---------+-------+---------+---------+-------
      Total |   17696 |    6579 |  27.1 |     254 |      57 |  18.3
            +---------+---------+-------+---------+---------+-------
        D:1 |      48 |       0 |   0.0 |      27 |       0 |   0.0
        D:2 |      81 |       0 |   0.0 |      18 |       0 |   0.0
        D:3 |      79 |     254 |  76.3 |      14 |      21 |  60.0
        D:4 |     100 |     669 |  87.0 |       4 |       4 |  50.0
        D:5 |     599 |     927 |  60.7 |      13 |       8 |  38.1
        D:6 |    1169 |       8 |   0.7 |      27 |       1 |   3.6
        D:7 |     922 |    3002 |  76.5 |      23 |      13 |  36.1
        D:8 |     898 |       0 |   0.0 |      28 |       0 |   0.0
        D:9 |    3393 |     370 |   9.8 |      45 |       1 |   2.2
       D:10 |    2528 |    1349 |  34.8 |      20 |       9 |  31.0
     Lair:1 |    7879 |       0 |   0.0 |      35 |       0 |   0.0
            +---------+---------+-------+---------+---------+-------
